 Dungeon Crawl Stone Soup version 0.27-a0-906-g0a00ce863d (webtiles) character file.

Game seed: 13875355575050190140

106 spiderkeys the Chopper (level 4, -1/38 HPs)
             Began as a Ghoul Gladiator on Apr 6, 2021.
             Killed by divine providence
             ... invoked by an orc priest
              (13 damage)
             ... on level 2 of the Dungeon.
             The game lasted 00:03:28 (4122 turns).

spiderkeys the Chopper (Ghoul Gladiator)            Turns: 4122, Time: 00:03:28

Health: -1/38      AC:  4    Str: 17    XL:     4   Next: 84%
Magic:  3/3        EV: 12    Int:  4    God:
Gold:   101        SH:  0    Dex: 10    Spells: 3/3 levels left

rFire    . . .     SeeInvis .   a - +0 war axe
rCold    + . .     Faith    .   (no shield)
rNeg     + + +     Spirit   .   b - +0 leather armour
rPois    ∞         Reflect  .   c - +0 helmet
rElec    .         Harm     .   (no cloak)
rCorr    .         Rampage  .   (no gloves)
Will     .....                  (no boots)
Stlth    +.........             (no amulet)
HPRegen  0.00/turn              (no ring)
MPRegen  0.08/turn              (no ring)

@: no status effects
A: claws 1, cold resistance 1, negative energy resistance 3, inhibited
regeneration, torment resistance 2, unbreathing 1
a: no special abilities


You were on level 2 of the Dungeon.
You visited 1 branch of the dungeon, and saw 3 of its levels.

You collected 101 gold pieces.

Inventory:

Hand Weapons
 a - a +0 war axe (weapon)
Missiles
 d - 3 throwing nets (quivered)
Armour
 b - a +0 leather armour (worn)
 c - a +0 helmet (worn)
Scrolls
 e - a scroll of identify {unknown}
 g - a scroll of fear {unknown}
 h - a scroll of enchant armour {unknown}
Potions
 f - a potion of might {unknown}
 i - a potion of degeneration {unknown}


   Skills:
 + Level 3.0 Fighting
 * Level 3.7 Axes
 - Level 1.7 Throwing
 + Level 1.4 Armour
 + Level 3.2 Dodging


You had 3 spell levels left.
You didn't know any spells.
Your spell library was empty.

Dungeon Overview and Level Annotations

Branches:
Dungeon (3/15)

Altars:


Innate Abilities, Weirdness & Mutations

You thrive by killing the living.
You are immune to poison.
You have sharp fingernails.
Your flesh is cold resistant. (rC+)
You are immune to negative energy. (rN+++)
You do not regenerate when monsters are visible.
You are immune to unholy pain and torment.
You can survive without breathing.


Message History

You hit the orc.
You kill the orc!
No target in view!
No target in view!
No target in view!
You start resting.
HP restored.
You climb downwards.
The bat hits you but does no damage. The bat barely misses you.
The orc priest looks braver for a moment.
The bat closely misses you.
There is a stone staircase leading up here.
You hit the bat.
The bat is moderately wounded.
The bat misses you. The bat barely misses you.
The orc priest hits you with a +0 flail.
You climb upwards.
There is a stone staircase leading down here.
You slash the bat!
You kill the bat!
You barely miss the orc priest. The orc priest barely misses you.
The orc priest hits you with a +0 flail.
You barely miss the orc priest. The orc priest closely misses you.
You slash the orc priest!
The orc priest is severely wounded.
The orc priest mumbles some strange prayers to Beogh against you.
Beogh smites you!
You are too injured to fight recklessly!
You are too injured to fight recklessly!
You are too injured to fight recklessly!
You are too injured to fight recklessly!
You are too injured to fight recklessly!
You are too injured to fight recklessly!
You hit the orc priest.
The orc priest is almost dead.
The orc priest hits you with a +0 flail.
The orc priest calls down the wrath of Beogh upon you.
Beogh smites you!
You die...

# ############## #.##
#### ##.# ...### #†.#
##...# ##.## ###.#####
###########..# #
#.#...###...........##
#
#.#.#..)......#######
## #.#.#####...o!...#
.###...##.......@##.#
...#####..##....†##.#
.........###.....##.#
..###.#### #.....##.#
#.....######......#.#
####......##......#.#
.##........#......#.#
†......##.........#.#
.#####..#.........#.#


You could see an orc priest.

Vanquished Creatures
  4 gnolls
  A worm (D:2)
  2 dart slugs (D:1)
  2 orcs
  10 bats
  3 endoplasms
  2 giant cockroaches
  5 goblins
  5 hobgoblins
  2 jackals (D:2)
  3 kobolds
  5 quokkas
  7 ball pythons
  A frilled lizard (D:1)
  5 rats
57 creatures vanquished.

Notes
Turn   | Place    | Note
-------+----------+-------------------------------------------
     0 | D:1      | spiderkeys the Ghoul Gladiator began the quest for the Orb.
     0 | D:1      | Reached XP level 1. HP: 17/17 MP: 0/0
   128 | D:1      | Reached XP level 2. HP: 23/25 MP: 1/1
   406 | D:1      | Reached XP level 3. HP: 30/30 MP: 2/2
   874 | D:2      | Reached skill level 1 in Armour
  2261 | D:1      | Reached XP level 4. HP: 23/37 MP: 3/3
  3035 | D:2      | Found a faded altar of an unknown god.
  4122 | D:2      | Killed from afar by an orc priest

Illustrated notes

Levels and vault maps discovered:
D:1:      dpeg_arrival_rooms_with_view, layout_rooms
D:2:      layout_rooms, serial_co_window_serial, co_window_of_opportunity_a,
          co_window_corner_a, co_window_paths_a, co_window_paths_a,
          co_window_of_opportunity_a, co_window_of_opportunity_b,
          co_window_broadway_c, co_window_broadway_b, co_window_2corner,
          co_window_corner_cb, co_window_unsneaky_path_a, co_window_cross_2,
          glass_columns_a, glass_columns_b, glass_columns_a,
          basic_ecumenical_altar
D:3:      layout_basic, guppyfry_early_lair_pool, uniq_purgy, uniq_grinder

Skill      XL: |  1  2  3  4 |
---------------+-------------+-----
Axes           | 3 |  3.7
Dodging        | 3 |  3.2
Armour         | 1 |  1.4
Fighting       | 3 |  3.0
Throwing       | |  1.7

Action                   |  1- 3 |  4- 6 || total
-------------------------+-------+-------++-------
Melee: War axe           |    94 |    86 ||   180
Armor: Leather armour    |    39 |    33 ||    72
Dodge: Dodged            |    85 |    72 ||   157

Table legend: (Time is in decaauts)
 A = Elapsed time spent in this place.
 B = Non-inter-level travel time spent in this place.
 C = Inter-level travel time spent in this place.
 D = Time resting spent in this place.
 E = Time spent auto-exploring this place.
 F = Levels seen in this place.
 G = Mean time per level.
                   A        B        C        D        E       F      G
               +--------+--------+--------+--------+--------+-----+--------+
         Total |   4188 |   4069 |    119 |   1703 |   1891 |   3 | 1396.0 |
       Dungeon |   4188 |   4069 |    119 |   1703 |   1891 |   3 | 1396.0 |
               +--------+--------+--------+--------+--------+-----+--------+

Top non-repeatable levels by time:
     D:2: 2052 daAuts
     D:1: 1935 daAuts
     D:3: 200 daAuts
